 Dungeon Crawl Stone Soup version 0.29-a0-998-g1987434951 (webtiles) character file.

Game seed: 10376650936236757934

53 vurker the Sneak (level 3, -6/15 (18) HPs)
             Began as a Vine Stalker Enchanter on Aug 5, 2022.
             Mangled by Terence
             ... wielding the +7 Throatcutter {drain, coup de grace}
              (11 damage)
             ... on level 2 of the Dungeon.
             The game lasted 00:02:09 (1626 turns).

vurker the Sneak (Vine Stalker Enchanter)           Turns: 1626, Time: 00:02:09

HP:   -6/15 (18)    AC:  6    Str: 12    XL:     3   Next: 87%
MP:   0/7           EV: 10    Int: 15    God:
Gold: 75            SH:  0    Dex: 14    Spells: 6/6 levels left

rFire   . . .      SeeInvis .   a - +1 dagger
rCold   . . .      Faith    .   (no shield)
rNeg    . . .      Spirit   +   n - +0 ring mail
rPois   .          Reflect  .   l - +0 helmet
rElec   .          Harm     .   (no cloak)
rCorr   .          Rampage  .   (no gloves)
Will    .....                   (no boots)
Stlth   ++........              (no amulet)
HPRegen 0.05/turn               (no ring)
MPRegen 0.10/turn               (no ring)

@: heavily drained
A: fangs 2, magic shield, antimagic bite, no potion heal 2
a: no special abilities


You were on level 2 of the Dungeon.
You visited 1 branch of the dungeon, and saw 2 of its levels.

You collected 75 gold pieces.

Inventory:

Hand Weapons
 a - a +1 dagger (weapon)
Armour
 l - a +0 helmet (worn)
   (You took it off Robin on level 1 of the Dungeon)
 n - a +0 ring mail (worn)
   (You found it on level 1 of the Dungeon)
Scrolls
 d - 2 scrolls of identify {unknown}
 h - a scroll of butterflies {unknown}
Potions
 c - 3 potions of invisibility
 e - a potion of haste
 f - 2 potions of resistance {unknown}
 g - a potion of flight {unknown}
 i - a potion of lignification {unknown}
 j - a potion of might {unknown}
 k - a potion of mutation {unknown}
 m - a potion of degeneration {unknown}


   Skills:
 + Level 1.4 Fighting
 - Level 0.8 Short Blades
 - Level 1.5 Dodging
 - Level 3.6 Stealth
 * Level 2.7 Unarmed Combat
 - Level 2.1 Spellcasting
 - Level 3.0 Hexes


You had 6 spell levels left.
You didn't know any spells.
Your spell library contained the following spells:

 Spells                   Type           Power      Damage    Failure   Level
 Ensorcelled Hibernation  Hex/Ice        12%        N/A       38%         2
 Confusing Touch          Hex            10%        N/A       41%         3
 Tukima's Dance           Hex            10%        N/A       41%         3
 Dazzling Flash           Conj/Hex       12%        N/A       63%         3


Dungeon Overview and Level Annotations

Branches:
Dungeon (2/15)

Altars:

Annotations:
D:2 Terence


Innate Abilities, Weirdness & Mutations

You have extremely sharp teeth.
When hurt, damage is shared between your health and your magic reserves.
Your bite disrupts and absorbs the magic of your enemies.
Potions cannot restore your health.


Message History

The endoplasm hits you but does no damage.
The goblin hits you with a +0 dagger.
You hit the endoplasm but do no damage. The goblin hits you but does no damage.
The endoplasm hits you.
You hit the endoplasm. The endoplasm barely misses you.
The goblin hits you but does no damage.
You hit the endoplasm.
You kill the endoplasm!
The goblin hits you but does no damage.
You barely miss the goblin. The goblin completely misses you.
You hit the goblin.
You kill the goblin!
No target in view!
No target in view!
No target in view!
No target in view!
No target in view!
No target in view!
No target in view!
No target in view!
No target in view!
No target in view!
No target in view!
No target in view!
No target in view!
No target in view!
No target in view!
You now have 67 gold pieces (gained 30).
Things that are here:
a +0 dagger; a +0 dagger You now have 75 gold pieces (gained 8).
You see here 4 stones.
Terence the Incautious comes into view.
He is wielding the +7 Throatcutter {drain, coup de grace} and carrying a wand of digging (2).
Found a pink potion and a scroll labelled KEGOWNE JIAHOYT.
Terence shouts!
Terence zaps a wand.
You hear a grinding noise.
Terence hits you with the +7 Throatcutter {drain, coup de grace}!
You feel drained.
You see here a pink potion.
You hit Terence but do no damage. Your bite misses Terence.
Terence hits you with the +7 Throatcutter {drain, coup de grace}!
* * * LOW HITPOINT WARNING * * *
You feel drained.
You hit Terence but do no damage. Terence closely misses you.
You hit Terence but do no damage. You barely miss Terence.
Your punch misses Terence.
Terence hits you with the +7 Throatcutter {drain, coup de grace}!
Ouch! That really hurt!
You die...

##.## #### #...#
...# #....
########...#.#####
.....#......#....#
<...........#..#.#
...####....(....@#
.....)....#.#..#@#
##..##......#..#.#
..................
##.#.###..#.#...##
..........#......
...#.####.....#.#.
#..†...##.#.....#..
...###.# #.##


You could see Terence.

Vanquished Creatures
  Robin (D:1)
  A dart slug (D:2)
  A ball python (D:1)
  2 bats (D:2)
  3 endoplasms
  A giant cockroach (D:1)
  9 goblins
  10 hobgoblins
  2 kobolds (D:1)
  A quokka (D:1)
  A frilled lizard (D:2)
  A rat (D:1)
33 creatures vanquished.

Notes
Turn   | Place    | Note
-------+----------+-------------------------------------------
     0 | D:1      | vurker the Vine Stalker Enchanter began the quest for the
                  | Orb.
     0 | D:1      | Reached XP level 1. HP: 9/9 MP: 4/4
   261 | D:1      | Reached skill level 1 in Unarmed Combat
   287 | D:1      | Reached XP level 2. HP: 14/14 MP: 4/6
   972 | D:2      | Reached skill level 1 in Fighting
  1000 | D:2      | Noticed Robin
  1002 | D:2      | Reached XP level 3. HP: 14/18 MP: 7/7
  1021 | D:1      | Killed Robin
  1620 | D:2      | Noticed Terence
  1626 | D:2      | Mangled by Terence

Illustrated notes

Levels and vault maps discovered:
D:1:      minmay_arrival_loop, layout_basic
D:2:      layout_basic, hellmonk_ecumenical_altar_pennies_from_heaven,
          uniq_terence, uniq_robin, uniq_natasha

Skill      XL: |  1  2 |
---------------+-------+-----
Unarmed Combat | 1 2 |  2.7
Fighting       | 1 |  1.4
Short Blades   | |  0.8
Dodging        | |  1.5
Stealth        | |  3.6
Spellcasting   | |  2.1
Hexes          | |  3.0

Action                   || total
-------------------------++-------
Melee: Dagger            ||   105
       Bite              ||    26
       Punch             ||     1
  Use: Potion            ||     1
 Stab: Sleeping          ||     4
Armor: Robe              ||     3
       Ring mail         ||    31
Dodge: Dodged            ||    67

Table legend: (Time is in decaauts)
 A = Elapsed time spent in this place.
 B = Non-inter-level travel time spent in this place.
 C = Inter-level travel time spent in this place.
 D = Time resting spent in this place.
 E = Time spent auto-exploring this place.
 F = Levels seen in this place.
 G = Mean time per level.
                   A        B        C        D        E       F      G
               +--------+--------+--------+--------+--------+-----+--------+
         Total |   1605 |   1592 |     13 |    433 |    911 |   2 |  802.5 |
       Dungeon |   1605 |   1592 |     13 |    433 |    911 |   2 |  802.5 |
               +--------+--------+--------+--------+--------+-----+--------+

Top non-repeatable levels by time:
     D:1: 1446 daAuts
     D:2: 159 daAuts
